 Dungeon Crawl Stone Soup version 0.19-a0-1346-g7941943 (webtiles) character file.

45039 Cath the Destroyer (level 14, -1/102 HPs)
             Began as a Naga Fire Elementalist on Sept 1, 2016.
             Was a High Priest of Sif Muna.
             Slain by an elephant (7 damage)
             ... on level 4 of the Lair of Beasts.
             The game lasted 01:40:11 (20141 turns).

Cath the Destroyer (Naga Fire Elementalist)        Turns: 20141, Time: 01:40:12

Health: -1/102     AC: 14    Str: 12    XL:     14   Next: 31%
Magic:  5/29       EV: 10    Int: 19    God:    Sif Muna [*****.]
Gold:   684        SH:  4    Dex: 12    Spells: 9 memorised, 9 levels left

rFire  + + .     SeeInvis +     T - +10 dagger of a Spat {flame, rElec rF+ SInv Stlth-}
rCold  + . .     Gourm    .     j - +2 robe {rF+}
rNeg   . . .     Faith    .     G - +0 buckler
rPois  +         Spirit   .     M - +2 helmet
rElec  +         Dismiss  .     Y - +1 cloak
rCorr  .         Reflect  .     z - +1 pair of gloves
MR     ++...     Harm     .     (no barding)
Stlth  +.........               k - amulet of magic regeneration
                                n - ring of protection from cold
                                i - ring of protection from magic

@: repel missiles, divine energy, very slow
A: see invisible, deformed body, poison resistance, slowness 2, slow metabolism
1, spit poison 2, constrict 1, AC +4
a: Spit Poison, Stop Divine Energy, Channel Magic, Forget Spell, Renounce
Religion


You were on level 4 of the Lair of Beasts.
You worshipped Sif Muna.
Sif Muna was extremely pleased with you.
You were hungry.

You visited 3 branches of the dungeon, and saw 19 of its levels.
You also visited: Ossuary.

You collected 954 gold pieces.
You spent 270 gold pieces at shops.

Inventory:

Hand Weapons
 T - the +10 dagger of a Spat (weapon) {flame, rElec rF+ SInv Stlth-}
   (You found it on level 10 of the Dungeon)

   It has been specially enchanted to burn those struck by it, causing extra
   injury to most foes and up to half again as much damage against particularly
   susceptible opponents.
   It protects you from fire.
   It insulates you from electricity.
   It lets you see invisible.
   It makes you less stealthy.
Armour
 a - the +1 leather armour of Too Many Cooks {Int+3}
   (You found it on level 11 of the Dungeon)

   It affects your intelligence (+3).
 j - a +2 robe of fire resistance (worn)
 z - a +1 pair of gloves (worn)
 G - a +0 buckler (worn)
 M - a +2 helmet (worn)
 S - a +2 robe of magic resistance
 Y - a +1 cloak (worn)
Jewellery
 i - a ring of protection from magic (left hand)
 k - an amulet of magic regeneration (around neck)
 n - a ring of protection from cold (right hand)
 y - an uncursed ring of protection from fire
 B - an uncursed ring of resist corrosion
Wands
 o - a wand of lightning (0/15)
 I - a wand of teleportation (5/9)
 K - a wand of heal wounds (5/9)
 R - a wand of iceblast (0/15)
Scrolls
 b - 3 scrolls of identify
 p - a scroll of blinking
 u - 4 scrolls of fear
 w - 2 scrolls of recharging
 x - 9 scrolls of remove curse
 A - 5 scrolls of amnesia
 F - 2 scrolls of enchant armour
 H - 4 scrolls of magic mapping
 L - 4 scrolls of teleportation
 N - 2 scrolls of enchant weapon
 Q - 2 scrolls of fog
Potions
 e - 2 potions of invisibility
 h - 10 potions of curing
 m - a potion of agility
 r - a potion of might {unknown}
 t - a potion of cure mutation
 v - 8 potions of lignification {unknown}
 C - 3 potions of flight {unknown}
 D - 2 potions of haste
 E - 2 potions of ambrosia
 J - a potion of resistance {unknown}
 O - 2 potions of brilliance {unknown}
 P - 3 potions of berserk rage {unknown}
Comestibles
 c - 16 bread rations
 d - 5 meat rations
 f - 12 fruits
 q - 4 beef jerkies
 s - a slice of pizza


   Skills:
 - Level 8.0 Short Blades
 - Level 1.5 Dodging
 - Level 3.0 Stealth
 - Level 3.1 Shields
 + Level 11.9 Spellcasting
 - Level 12.4 Conjurations
 - Level 3.0 Charms
 + Level 1.5 Necromancy
 + Level 3.8 Translocations
 - Level 12.0 Fire Magic
 + Level 3.7 Air Magic
 + Level 5.0 Poison Magic


You had 9 spell levels left.
You knew the following spells:

 Your Spells              Type           Power        Failure   Level  Hunger
a - Flame Tongue          Conj/Fire      #####        1%          1    None
b - Conjure Flame         Conj/Fire      ######..     1%          3    None
c - Sticky Flame          Conj/Fire      ######..     1%          4    ##.....
d - Throw Flame           Conj/Fire      ######       1%          2    None
e - Fireball              Conj/Fire      ######....   1%          5    ####...
f - Venom Bolt            Conj/Pois      #####.....   6%          5    ####...
g - Blink                 Tloc           N/A          1%          2    None
h - Repel Missiles        Chrm/Air       ###...       2%          2    None
i - Regeneration          Chrm/Necr      ###.......   10%         3    None


Dungeon Overview and Level Annotations

Branches:
Dungeon (14/15)            Temple (0/1) D:6            Lair (4/6) D:9
  Snake (0/4) Lair:4          Orc (1/2) D:9          Vaults (0/5) D:13
  Swamp: Lair:2-4    Shoals: Lair:2-4

Altars:
Ashenzari
Dithmenos
Elyvilon
Fedhas
Gozag
Hepliaklqana
Nemelex Xobeh
Sif Muna
Vehumet
Xom
Yredelemnul
Zin
The Shining One

Shops:
D:5 !*   D:11 %

Portals:
Trove: D:12 (give +2 shadow dragon armour)

Annotations:
D:12 Frances
Orc:1 Prognosys's ghost, journeyman MiFi


Innate Abilities, Weirdness & Mutations

You cannot wear boots.
Your serpentine skin is tough. (AC +4)
You have supernaturally acute eyesight. (SInv)
Armour fits poorly on your strangely shaped body.
Your system is resistant to poisons. (rPois)
You cover ground very slowly.
You have a slow metabolism.
You can spit poison.
You can use your snake-like lower body to constrict enemies.


Message History

Press: ? - help, Shift-Dir - straight line The mass of ice explodes!
The iceblast engulfs the elephant.
The elephant is moderately wounded.
The iceblast engulfs the elephant.
The elephant is almost dead.
Evoking this partially-identified wand wasted a few charges.
Casting: Blink
Confirm with . or Enter, or press ? or * to list all spells.
Okay, then.
Evoke which item? (* to show all) (? for menu, Esc to quit)
Zapping:
R - a wand of iceblast {zapped: 3} (will waste charges)
Press: ? - help, Shift-Dir - straight line, f - elephant
Aim: an elephant (almost dead) Nothing appears to happen.
Casting: Blink
Confirm with . or Enter, or press ? or * to list all spells.
You blink.
You have got your breath back.
The elephant tramples you!
You die...

##....†...†...†.....
#..PP#P#.###########
##.####### ##..#
#..## ##.P# #####
#...###..#.###.#...P
##..................
#.@Y.....<.........
#..Y...............
#..................
#....§.............
#..................
##..................
#....#.#####.P#.##..
##...### ########.
#..#.# ### ##.


You could see 2 elephants.

Vanquished Creatures
  An ogre mage (D:13)
  Erolcha (D:10)
  4 hydras
  Erica (D:8)
  A centaur warrior (D:13)
  Urug (D:11)
  3 skeletal warriors (D:13)
  An unseen horror (D:10)
  A hill giant (D:13)
  A necromancer (Lair:2)
  2 cyclopes
  A manticore (D:12)
  3 black mambas
  2 centaur zombies (D:12)
  4 elephants (Lair:4)
  Psyche (D:8)
  4 spiny frogs
  2 gargoyles
  A kobold demonologist (D:13)
  4 komodo dragons
  5 trolls
  4 two-headed ogres
  8 blink frogs
  A spriggan (D:7)
  A vampire (D:13)
  Eustachio (D:4)
  A wyvern (D:10)
  35 yaks
  3 hungry ghosts (D:11)
  7 hippogriffs
  Menkaure (D:4)
  Duvessa (D:4)
  11 porcupines
  7 water moccasins
  4 orc warriors
  5 ice beasts
  A wasp (D:7)
  2 black bears
  2 eyes of draining
  9 ogres
  4 sky beasts
  3 wolves (Lair:4)
  3 phantoms
  10 centaurs
  6 crocodiles
  12 giant frogs
  Dowan (D:4)
  A wyvern zombie (D:13)
  A water moccasin zombie (D:6)
  A scorpion (D:6)
  A water moccasin skeleton (D:6)
  8 killer bees
  5 wights (D:7)
  10 howler monkeys
  2 electric eels (D:13)
  3 crimson imps
  2 giant frog zombies
  7 jellies
  3 orc priests
  7 hounds
  16 orc wizards
  3 centaur skeletons
  2 giant frog skeletons
  2 gnoll shamans
  A hell rat (D:9)
  6 yak simulacra (Lair:2)
  2 polar bear simulacra (Lair:2)
  13 worker ants
  A killer bee zombie (D:6)
  A hound zombie (D:7)
  3 mummies (Ossuary)
  2 worker ant zombies
  11 gnolls
  18 adders
  43 river rats
  A shadow imp (D:13)
  An ooze (D:3)
  8 adder zombies
  An adder skeleton (D:4)
  4 worms
  4 dart slugs (D:1)
  5 giant geckos
  42 orcs
  2 ball pythons
  14 bats
  4 giant cockroaches
  A gnoll zombie (Ossuary)
  5 hobgoblins
  9 iguanas
  15 jackals
  8 kobolds
  8 quokkas
  6 giant newts
  4 goblins
  4 goblin zombies
  3 hobgoblin zombies (Ossuary)
  3 kobold zombies (Ossuary)
  A quokka skeleton (D:6)
  A quokka zombie (D:5)
  9 rats
  A rat zombie (Ossuary)
  3 river rat simulacra (Lair:2)
529 creatures vanquished.

Vanquished Creatures (others)
  2 fungi (Lair:2)
2 creatures vanquished.

Grand Total: 531 creatures vanquished

Notes
Turn   | Place    | Note
-------+----------+-------------------------------------------
     0 | D:1      | Cath the Naga Fire Elementalist began the quest for the Orb.
     0 | D:1      | Reached XP level 1. HP: 15/15 MP: 3/3
    93 | D:1      | Reached XP level 2. HP: 19/22 MP: 5/5
   667 | D:1      | Reached XP level 3. HP: 28/28 MP: 6/6
  1547 | D:2      | Reached XP level 4. HP: 36/36 MP: 5/8
  1552 | D:2      | Learned a level 3 spell: Conjure Flame
  1559 | D:2      | Found a shimmering altar of Xom.
  1565 | D:2      | Reached XP level 5. HP: 42/42 MP: 5/10
  2016 | D:2      | Found a blossoming altar of Fedhas.
  2076 | D:2      | Found a hazy altar of Hepliaklqana.
  2604 | D:3      | Reached XP level 6. HP: 47/49 MP: 12/12
  2629 | D:3      | Found an opulent altar of Gozag.
  3306 | D:4      | Reached skill level 5 in Conjurations
  3315 | D:4      | Reached XP level 7. HP: 18/55 MP: 3/13
  3444 | D:4      | Noticed Eustachio
  3457 | D:4      | Killed Eustachio
  3725 | D:4      | Noticed Duvessa
  3727 | D:4      | Noticed Dowan
  3751 | D:4      | Killed Duvessa
  3751 | D:4      | Reached skill level 5 in Spellcasting
  3755 | D:4      | Killed Dowan
  3755 | D:4      | Reached XP level 8. HP: 53/62 MP: 1/15
  3866 | D:4      | Noticed Menkaure
  3869 | D:4      | Killed Menkaure
  3875 | D:4      | Learned a level 4 spell: Sticky Flame
  3878 | D:4      | Learned a level 2 spell: Throw Flame
  3892 | D:4      | Found a shadowy altar of Dithmenos.
  3892 | D:4      | Found a white marble altar of Elyvilon.
  4294 | D:5      | Entered Level 5 of the Dungeon
  4362 | D:5      | Found Xeag's Distillery.
  4370 | D:5      | Bought a potion of heal wounds for 55 gold pieces
  4370 | D:5      | Bought a potion of curing for 33 gold pieces
  4370 | D:5      | Bought a potion of haste for 110 gold pieces
  4394 | D:5      | Found a deep blue altar of Sif Muna.
  4398 | D:5      | Became a worshipper of Sif Muna the Loreminder
  4436 | D:5      | Found Garaw's General Store.
  4477 | D:5      | Found a sand-covered staircase.
  4486 | Ossuary  | Entered an ossuary
  4976 | D:5      | Bought a scroll of identify for 24 gold pieces
  4976 | D:5      | Bought a scroll of identify for 24 gold pieces
  4976 | D:5      | Bought a scroll of identify for 24 gold pieces
  5048 | D:5      | Found a sparkling altar of Nemelex Xobeh.
  5544 | D:6      | Found a staircase to the Ecumenical Temple.
  5553 | D:6      | Reached * piety under Sif Muna
  5639 | D:6      | Found a radiant altar of Vehumet.
  5683 | D:6      | Reached XP level 9. HP: 35/68 MP: 2/18
  5792 | D:6      | Reached skill level 5 in Fire Magic
  6030 | D:6      | Found a basalt altar of Yredelemnul.
  6151 | D:6      | Reached ** piety under Sif Muna
  6315 | D:7      | Found a shattered altar of Ashenzari.
  6315 | D:7      | Found a glowing silver altar of Zin.
  6768 | D:7      | Learned a level 5 spell: Fireball
  6988 | D:8      | Reached *** piety under Sif Muna
  6989 | D:8      | Noticed Erica
  6998 | D:8      | Killed Erica
  6998 | D:8      | Reached XP level 10. HP: 54/75 MP: 4/21
  7338 | D:8      | Found a glowing golden altar of the Shining One.
  7449 | D:8      | Noticed Psyche
  7455 | D:8      | Killed Psyche
  7471 | D:8      | Reached **** piety under Sif Muna
  8170 | D:9      | Found a staircase to the Lair.
  8173 | D:9      | Reached skill level 10 in Conjurations
  8254 | D:9      | Reached XP level 11. HP: 57/81 MP: 5/23
  8272 | D:9      | Reached skill level 10 in Fire Magic
  8787 | D:9      | Found a staircase to the Orcish Mines.
  9294 | D:10     | Entered Level 10 of the Dungeon
  9337 | D:10     | Noticed an unseen horror
  9343 | D:10     | Killed an unseen horror
  9505 | D:10     | Got an iridescent dagger
  9506 | D:10     | Identified the +10 dagger of a Spat {flame, rElec rF+ SInv Stlth-} (You found it on level 10 of the Dungeon)
  9540 | D:10     | Reached ***** piety under Sif Muna
  9707 | D:10     | Identified Sif Muna's Disquisition on the Creative Frostbite (Sif Muna gifted it to you on level 10 of the Dungeon)
  9707 | D:10     | Received a gift from Sif Muna
  9707 | D:10     | Reached XP level 12. HP: 88/88 MP: 21/25
 10356 | D:10     | Noticed Erolcha
 10366 | D:10     | Killed Erolcha
 10600 | D:10     | Reached skill level 10 in Spellcasting
 11068 | D:11     | Identified Sif Muna's Catalogue of Conjuration (Sif Muna gifted it to you on level 11 of the Dungeon)
 11068 | D:11     | Received a gift from Sif Muna
 11085 | D:11     | Noticed Urug
 11662 | D:11     | HP: 3/88 [Urug/demon trident of electrocution (22)]
 11665 | D:11     | Killed Urug
 11782 | D:11     | Got a smoking leather armour
 12306 | D:11     | Found Tonuzamn's Food Shop.
 12395 | D:11     | Reached skill level 1 in Short Blades
 12495 | D:12     | Noticed a five-headed hydra
 12504 | D:12     | Killed a five-headed hydra
 12846 | D:12     | Gained mutation: You can use your snake-like lower body to constrict enemies. [Naga growth]
 12846 | D:12     | Reached XP level 13. HP: 78/94 MP: 27/27
 12880 | D:12     | Identified Aveusch's Collected Works on Good Luck
 13143 | D:12     | Found a portal to a secret trove of treasure.
 13145 | D:12     | Noticed Frances
 13393 | D:13     | Reached skill level 5 in Short Blades
 14953 | D:13     | Found a gate to the Vaults.
 15098 | D:13     | Noticed an ogre mage
 15101 | D:13     | Killed an ogre mage
 15101 | D:13     | Reached skill level 1 in Shields
 15846 | Orc:1    | Entered Level 1 of the Orcish Mines
 15846 | Orc:1    | Noticed Prognosys's ghost (journeyman MiFi)
 15887 | Lair:1   | Entered Level 1 of the Lair of Beasts
 16029 | Lair:1   | Learned a level 5 spell: Venom Bolt
 16131 | Lair:1   | Received a gift from Sif Muna
 16131 | Lair:1   | Reached skill level 1 in Poison Magic
 16135 | Lair:1   | Learned a level 2 spell: Blink
 16138 | Lair:1   | Learned a level 2 spell: Repel Missiles
 16319 | Lair:1   | Reached skill level 1 in Translocations
 16617 | Lair:1   | Reached skill level 1 in Air Magic
 16871 | Lair:2   | Reached skill level 1 in Charms
 17821 | Lair:2   | Reached XP level 14. HP: 80/102 MP: 29/29
 19530 | Lair:4   | Received a gift from Sif Muna
 19538 | Lair:4   | Learned a level 3 spell: Regeneration
 19546 | Lair:4   | Found a staircase to the Snake Pit.
 19611 | Lair:4   | Identified the +1 leather armour of Too Many Cooks {Int+3} (You found it on level 11 of the Dungeon)
 20000 | Lair:4   | Reached skill level 1 in Necromancy
 20119 | Lair:4   | Reached skill level 5 in Poison Magic
 20127 | Lair:4   | HP: 2/102 [elephant (10)]
 20141 | Lair:4   | Slain by an elephant

Vault maps used:
D:1:      minmay_arrival_plants_in_alcoves, hex_tiny
D:2:      lemuel_crystal_altar, lemuel_doored_altar, roderic_roman_lattice,
          dk_xom_monty_hall
D:3:      grunt_gozag_statues
D:4:      minitemple, first_bread, uniq_duvessa, uniq_eustachio, uniq_menkaure
D:5:      led_sif_book, marbit_many_paths, serial_shops, shop,
          nicolae_shop_stone, enter_ossuary_4
D:6:      kennysheep_mini, old_standard_altar
D:7:      amethyst_overflow_temple_binary, the_bakery
D:8:      kennysheep_mini_moat, hangedman_decor_clover_reticule, uniq_psyche,
          uniq_erica
D:9:      dpeg_lair_monsters
D:10:     wad_arrow_thing, uniq_erolcha
D:11:     serial_shops, nicolae_shop_waterfront, uniq_urug
D:12:     enter_trove_1, uniq_rupert, uniq_frances
D:13:     statuecave_lemuel, david_vaults_2
D:14:     grunt_decor_one_mirror, fedhas_altar_2
Lair:1:   infiniplex_staircase_pool_2, serial_bayou_shore_b
Lair:2:   eino_house_with_fridge
Lair:3:   grunt_megastairs_4
Lair:4:   minmay_swamp_entry_worms, dummy_snake_entry
Orc:1:    basic_altar
Ossuary:  ossuary_minmay_chase

Skill      XL: |  1  2  3  4  5  6  7  8  9 10 11 12 13 14 |
---------------+-------------------------------------------+-----
Conjurations   | 2 3 4 5 6 8 9 10 11 12 | 12.4
Spellcasting   | 3 4 5 6 7 8 9 10 11 | 11.9
Fire Magic     | 4 8 9 11 12 | 12.0
Short Blades   | 3 8 |  8.0
Shields        | 3 |  3.1
Poison Magic   | 3 5 |  5.0
Translocations | 2 3 |  3.8
Air Magic      | 2 3 |  3.7
Charms         | 1 3 |  3.0
Necromancy     | 1 |  1.5
Dodging        | |  1.5
Stealth        | |  3.0

Action                   |  1- 3 |  4- 6 |  7- 9 | 10-12 | 13-15 || total
-------------------------+-------+-------+-------+-------+-------++-------
Melee: Unarmed           |     5 |       |       |       |       ||     5
       Short sword       |    13 |       |       |       |       ||    13
       Dagger            |    26 |    66 |    56 |   145 |   508 ||   801
       Quarterstaff      |       |       |    17 |    21 |       ||    38
       Constrict         |       |       |       |       |   100 ||   100
 Cast: Flame Tongue      |    41 |    64 |   293 |   292 |    36 ||   726
       Conjure Flame     |       |     2 |     5 |    21 |     4 ||    32
       Throw Flame       |       |       |    13 |    84 |   158 ||   255
       Sticky Flame      |       |       |     9 |    15 |    25 ||    49
       Fireball          |       |       |       |     4 |    25 ||    29
       Repel Missiles    |       |       |       |       |     1 ||     1
       Blink             |       |       |       |       |     6 ||     6
Invok: Channel Magic     |       |       |       |     1 |       ||     1
       Divine Energy     |       |       |       |     1 |       ||     1
 Abil: Spit Poison       |     6 |     7 |    13 |     8 |     7 ||    41
Evoke: Wand              |       |       |       |       |     3 ||     3
  Use: Scroll            |     2 |       |    10 |    15 |     7 ||    34
       Potion            |       |       |       |     4 |     1 ||     5
 Stab: Sleeping          |     4 |     2 |     4 |     2 |     1 ||    13
       Distracted        |       |       |       |       |     1 ||     1
  Eat: Chunk             |     2 |     5 |     7 |     9 |    17 ||    40
       Meat ration       |       |       |     1 |     2 |     1 ||     4
       Bread ration      |       |       |       |     1 |       ||     1
Armor: Robe              |    12 |    39 |    98 |   159 |   144 ||   452
Dodge: Dodged            |    23 |    75 |   116 |   128 |   168 ||   510
Block: Buckler           |       |       |       |       |    49 ||    49
